 Dungeon Crawl Stone Soup version 0.25-a0-424-g80bd347ae0 (webtiles) character file.

Game seed: 4843531045864343842, levelgen mode: deterministic

295 zorance the Ogre Mage (level 6, -5/53 HPs)
             Began as an Ogre Venom Mage on Jan 21, 2020.
             Killed from afar by an orc wizard (8 damage)
             ... with a magic dart
             ... on level 3 of the Dungeon.
             The game lasted 00:12:20 (5420 turns).

zorance the Ogre Mage (Ogre Venom Mage)             Turns: 5420, Time: 00:12:21

Health: -5/53      AC:  4    Str: 13    XL:     6   Next: 34%
Magic:  4/12       EV: 10    Int: 18    God:
Gold:   166        SH:  0    Dex:  9    Spells: 5/14 levels left

rFire    . . .     SeeInvis .   k - -2 dagger (curse)
rCold    . . .     Gourm    .   (no shield)
rNeg     . . .     Faith    .   h - +1 robe {Archmagi}
rPois    .         Spirit   .   (helmet restricted)
rElec    .         Reflect  .   (no cloak)
rCorr    .         Harm     .   (gloves unavailable)
MR       .....                  (boots unavailable)
Stlth    +.........             (no amulet)
HPRegen  0.17/turn              (no ring)
MPRegen  0.13/turn              (no ring)

@: no status effects
A: large, unfitting armour, tough skin 1
a: no special abilities


You were on level 3 of the Dungeon.
You were hungry.

You visited 1 branch of the dungeon, and saw 3 of its levels.

You collected 166 gold pieces.

Inventory:

Hand Weapons
 k - a cursed -2 dagger (weapon)
Missiles
 i - 5 large rocks
 j - 126 stones (quivered)
 m - 11 poisoned darts
 q - 8 atropa-tipped darts
Armour
 h - a +1 robe of the Archmagi (worn)
Jewellery
 a - a cursed ring of teleportation {unknown}
 l - an uncursed ring of magical power {unknown}
Wands
 o - a wand of polymorph (10)
Scrolls
 b - a scroll of magic mapping {unknown}
 d - 4 scrolls of remove curse {unknown}
 f - a scroll of random uselessness {unknown}
 n - a scroll of blinking {unknown}
 p - a scroll of identify {unknown}
Potions
 e - a potion of mutation {unknown}
 g - 3 potions of curing {unknown}
Comestibles
 c - 7 rations


   Skills:
 - Level 1.7 Dodging
 - Level 1.4 Stealth
 + Level 4.6 Spellcasting
 - Level 0.8 Transmutations
 + Level 2.8 Air Magic
 + Level 4.3 Poison Magic


You had 5 spell levels left.
You knew the following spells:

 Your Spells              Type           Power        Failure   Level  Hunger
a - Sting                 Tmut/Pois      ###.         4%          1    None
b - Poisonous Vapours     Pois/Air       ####..       4%          2    #......
c - Mephitic Cloud        Conj/Pois/Air  ###.....     16%         3    ###....
g - Ignite Poison         Fire/Tmut/Pois ###.....     21%         3    ###....

Your spell library contained the following spells:

 Spells                   Type           Power        Failure   Level  Hunger
 Olgreb's Toxic Radiance  Pois           ####....     24%         4    ####...


Dungeon Overview and Level Annotations

Branches:
Dungeon (3/15)

Altars:
Elyvilon
Hepliaklqana
Qazlal
Sif Muna
Zin


Innate Abilities, Weirdness & Mutations

You are too large for most types of armour.
You have tough skin. (AC +1)


Message History

Poisonous vapours surround the orc wizard!
The orc wizard is engulfed in poison gas.
The orc wizard looks even sicker.
You kill the orc wizard!
The orc wizard casts a spell at you.
You hear some strange, mumbled words.
A puff of flame appears from out of thin air!
The puff of flame hits you!
A puff of frost appears from out of thin air!
The puff of frost misses you. Something hits you.
A magic dart appears from out of thin air!
The magic dart hits you!
* * * LOW HITPOINT WARNING * * *
A puff of flame appears from out of thin air!
The puff of flame hits you!
* * * LOW HITPOINT WARNING * * *
A magic dart appears from out of thin air!
The magic dart hits you!
You die...

########..#.#.#.................#
..........#.#.####.####.#.......#
#######.###.#.# #.####.#.......#
#.# #.#.####....#[######.## #.#
#.....#####.#.# #.## #######.#
#...#.# #{#.# #... ........#
#...#.# #.#.# #### #########
#.###.#####.#.# #.# #.@.....#.#
#.# #######.#.# #.# #.#.# #.
###.# #.# #.# #.# #.#########
#..........


There were no monsters in sight!

Vanquished Creatures
  An orc priest (D:3)
  4 orc wizards (D:3)
  Robin (D:2)
  2 adders
  3 gnolls (D:3)
  A worm (D:2)
  3 dart slugs
  2 leopard geckos (D:1)
  3 orcs (D:3)
  A ball python (D:2)
  3 giant cockroaches
  16 goblins
  8 hobgoblins
  6 jackals (D:1)
  A quokka (D:2)
  6 bats
  5 frilled lizards
  11 kobolds
  12 rats
89 creatures vanquished.

Vanquished Creatures (others)
  A crimson imp (D:3)
1 creature vanquished.

Grand Total: 90 creatures vanquished

Notes
Turn   | Place    | Note
-------+----------+-------------------------------------------
     0 | D:1      | zorance the Ogre Venom Mage began the quest for the Orb.
     0 | D:1      | Reached XP level 1. HP: 16/16 MP: 3/3
   510 | D:1      | Reached XP level 2. HP: 24/24 MP: 0/5
   514 | D:1      | Learned a level 2 spell: Poisonous Vapours
   849 | D:1      | Reached XP level 3. HP: 31/31 MP: 0/7
   928 | D:1      | Learned a level 3 spell: Mephitic Cloud
  1641 | D:1      | Reached skill level 1 in Air Magic
  2488 | D:2      | Reached XP level 4. HP: 37/39 MP: 2/9
  2576 | D:2      | Noticed Robin
  2773 | D:2      | Killed Robin
  3523 | D:2      | Found a shimmering blue altar of Sif Muna.
  3551 | D:2      | Found a glowing silver altar of Zin.
  3808 | D:2      | Found a white marble altar of Elyvilon.
  3895 | D:3      | Reached XP level 5. HP: 45/45 MP: 4/10
  4041 | D:3      | Found a stormy altar of Qazlal.
  4351 | D:2      | Learned a level 3 spell: Ignite Poison
  4398 | D:3      | Found a hazy altar of Hepliaklqana.
  4688 | D:3      | Reached XP level 6. HP: 31/53 MP: 0/12
  5416 | D:3      | HP: 2/53 [something/puff of flame (11)]
  5420 | D:3      | Killed from afar by an orc wizard

Levels and vault maps discovered:
D:1:      ncdulo_smallfort, layout_loops_cross
D:2:      layout_rooms, lemuel_coloured_pillars_altar, led_sif_pool,
          old_standard_altar, uniq_robin
D:3:      layout_basic, grunt_qazlal_clouds, lemuel_crystal_altar

Skill      XL: |  1  2  3  4  5 |
---------------+----------------+-----
Poison Magic   | 3 4 |  4.3
Spellcasting   | 3 4 |  4.6
Air Magic      | 1 2 |  2.8
Dodging        | |  1.7
Stealth        | |  1.4
Transmutations | |  0.8

Action                   |  1- 3 |  4- 6 || total
-------------------------+-------+-------++-------
Melee: Unarmed           |     9 |       ||     9
       Dagger            |     9 |   112 ||   121
       Club              |     6 |       ||     6
Throw: Stone             |     1 |       ||     1
 Cast: Sting             |    14 |     1 ||    15
       Poisonous Vapours |    38 |    72 ||   110
  Eat: Chunk             |     7 |    11 ||    18
Armor: Robe              |    15 |    33 ||    48
Dodge: Dodged            |    33 |    67 ||   100

Table legend:
 A = Non-vault XP
 B = Vault XP
 C = Vault XP percentage of total XP
 D = Non-vault monster count
 E = Vault monster count
 F = Vault count percentage of total count
                 A         B        C        D         E       F
            +---------+---------+-------+---------+---------+-------
      Total |     384 |      38 |   9.0 |      76 |      13 |  14.6
            +---------+---------+-------+---------+---------+-------
        D:1 |      55 |       0 |   0.0 |      32 |       0 |   0.0
        D:2 |      51 |      38 |  42.7 |      21 |      13 |  38.2
        D:3 |     278 |       0 |   0.0 |      23 |       0 |   0.0
            +---------+---------+-------+---------+---------+-------
